 Dungeon Crawl Stone Soup version 0.32-a0-560-g4c7f4391e0 (webtiles) character file.

Game seed: 14285867681934874531

514 Persephone the Cleaver (level 7, 0/57 HPs)
             Began as a Mountain Dwarf Monk on Feb 29, 2024.
             Was an Elder of Makhleb.
             Shot with an arrow by an orc warrior (2 damage)
             ... on level 6 of the Dungeon.
             The game lasted 00:05:39 (3321 turns).

Persephone the Cleaver (Mountain Dwarf Monk)        Turns: 3321, Time: 00:05:39

Health: 0/57       AC:  8    Str: 22    XL:     7   Next: 0%
Magic:  10/10      EV: 10    Int: 10    God:    Makhleb [****..]
Gold:   322        SH:  0    Dex: 12    Spells: 6/6 levels left

rFire   . . .        a - +0 hand axe
rCold   . . .        d - orb {light}
rNeg    . . .        u - +0 scale mail
rPois   .            (no helmet)
rElec   .            (no cloak)
rCorr   .            (no gloves)
SInv    .            q - +1 pair of boots
Will    .....        k - amulet of magic regeneration Stlth
                     p - +6 ring of strength
HPRegen 0.29/turn    (no ring)
MPRegen 0.52/turn

%: no passive effects
@: glowing
A: runic magic, artefact enchanting
a: Renounce Religion, Minor Destruction, Lesser Servant of Makhleb, Major
Destruction


You were on level 6 of the Dungeon.
You worshipped Makhleb.
Makhleb was greatly pleased with you.
You visited 1 branch of the dungeon, and saw 6 of its levels.

You collected 322 gold pieces.

Inventory:

Hand Weapons
 a - a +0 hand axe (weapon)
Armour
 d - an orb of light (worn)
 q - a +1 pair of boots (worn)
 u - a +0 scale mail (worn)
Jewellery
 k - an amulet of magic regeneration (around neck)
 p - a +6 ring of strength (left hand)
 t - an amulet of faith
Wands
 r - a wand of iceblast (7)
Scrolls
 f - a scroll of enchant weapon
 g - a scroll of silence
 j - 2 scrolls of teleportation
 m - a scroll of poison
 n - a scroll of fear
Potions
 b - a potion of attraction {unknown}
 c - a potion of degeneration {unknown}
 e - a potion of mutation {unknown}
 h - 2 potions of resistance {unknown}
 i - 2 potions of berserk rage {unknown}
 l - a potion of curing {unknown}
 o - 2 potions of haste {unknown}
 s - a potion of heal wounds {unknown}


   Skills:
 - Level 3.3 Fighting
 * Level 8.3 Axes
 - Level 2.2 Dodging
 + Level 4.8 Invocations


You had 6 spell levels left.
You didn't know any spells.
Your spell library contained the following spells:

 Spells                   Type           Power      Damage    Failure   Level
 Apportation              Tloc           0%         N/A       43%         1
 Foxfire                  Conj/Fire      0%         2x1d4     43%         1
 Jinxbite                 Hex            0%         N/A       58%         2
 Alistair's Intoxication  Alch           0%         N/A       100%        5
 Plasma Beam              Fire/Air       0%         2x1d10    100%        6
 Starburst                Conj/Fire      0%         6d3       100%        6


Dungeon Overview and Level Annotations

Branches:
Dungeon (6/15)
 Temple: D:4-7

Altars:
Makhleb
Xom
Yredelemnul

Shops:
D:5 :


Innate Abilities, Weirdness & Mutations

Your spellcasting is much less encumbered by armour.
You can use scrolls of enchantment on lesser artefacts.


Message History

The bolt of lightning misses the orc.
The orc warrior hits you from afar with a +0 glaive!
The orc wizard hits you but does no damage.
You barely miss the orc wizard.
The orc wizard is lightly wounded.
The orc warrior hits you from afar with a +0 glaive!
The orc wizard hits you but does no damage.
You barely miss the orc wizard.
The orc wizard is lightly wounded.
The orc warrior hits you from afar with a +0 glaive!
The orc wizard hits you with a +0 dagger.
Aiming: Major Destruction (22% risk of failure)
Press: ? - help, Shift-Dir - straight line, f/p - orc warrior
Aim: an orc warrior, wielding a +0 glaive and wearing a +0 chain mail (lightly wounded, haloed)
The bolt of lightning hits the orc wizard!
The orc wizard is severely wounded.
The bolt of lightning hits the orc!
You kill the orc!
Makhleb accepts your kill.
The bolt of lightning hits the orc warrior!
The orc warrior is heavily wounded.
The orc wizard hits you but does no damage.
The orc wizard gestures wildly while chanting.
The orc wizard flickers and vanishes for a moment.
Aiming: Major Destruction (22% risk of failure)
Press: ? - help, Shift-Dir - straight line, f/p - orc warrior
Aim: an orc warrior, wielding a +0 glaive and wearing a +0 chain mail (heavily wounded, haloed)
The glob of acid hits the orc wizard!!
The acid corrodes the orc wizard!
You kill the orc wizard!
Makhleb accepts your kill.
You feel better.
The orc warrior unwields a +0 glaive.
The orc warrior wields a +0 orcbow.
The orc warrior shoots an arrow.
The arrow barely misses you.
You have reached level 7!
The orc warrior shoots an arrow.
The arrow barely misses you.
The orc warrior shoots an arrow.
The arrow hits you!
* * * LOW HITPOINT WARNING * * *
There is a stone staircase leading up here.
The orc warrior shoots an arrow.
The arrow hits you.
You die...

#.# #.# ###.#
#.... ###.#$## #
#......###.#####
#.#...ooo....#
#....###.###.#
#@....# ..
#....## ##
#........
###.####.# #.#
#+#


You could see an orc warrior, an orc wizard and an orc.

Vanquished Creatures
  A weeping skull (D:5)
  2 scorpions
  3 hounds
  3 orc wizards
  2 adders
  3 gnolls (D:3)
  5 dart slugs
  3 ribbon worms
  10 orcs
  4 bats
  5 endoplasms
  6 giant cockroaches
  7 goblins
  3 hobgoblins
  7 jackals
  7 quokkas
  6 ball pythons
  A frilled lizard (D:1)
  10 kobolds
  2 rats (D:1)
  A spectral orc (D:5)
91 creatures vanquished.

Notes
Turn   | Place    | Note
-------+----------+-------------------------------------------
     0 | D:1      | Persephone the Mountain Dwarf Monk began the quest for the
                  | Orb.
     0 | D:1      | Reached XP level 1. HP: 19/19 MP: 1/1
    54 | D:1      | Reached skill level 4 in Axes
   138 | D:1      | Reached XP level 2. HP: 2/26 MP: 2/2
   412 | D:1      | Reached skill level 5 in Axes
   470 | D:1      | Found a faded altar of an unknown god.
   505 | D:1      | Reached XP level 3. HP: 31/31 MP: 3/3
   570 | D:1      | Prayed at the altar of an unknown god.
   570 | D:1      | Became a worshipper of Makhleb the Destroyer
   570 | D:1      | Reached * piety under Makhleb
   570 | D:1      | Reached ** piety under Makhleb
   992 | D:2      | Reached *** piety under Makhleb
  1084 | D:2      | Reached skill level 1 in Invocations
  1684 | D:3      | Reached XP level 4. HP: 38/38 MP: 5/5
  1750 | D:3      | Reached skill level 6 in Axes
  1850 | D:3      | Identified the +9 falchion of Darkness {heavy, rElec}
  2252 | D:4      | Reached XP level 5. HP: 45/45 MP: 6/6
  2401 | D:4      | Reached skill level 7 in Axes
  2407 | D:4      | Reached **** piety under Makhleb
  2408 | D:4      | Reached XP level 6. HP: 51/51 MP: 8/8
  2544 | D:4      | Found a shimmering altar of Xom.
  2623 | D:5      | Entered Level 5 of the Dungeon
  2720 | D:5      | Found Cuni's Book Boutique.
  3236 | D:5      | Found a basalt altar of Yredelemnul.
  3253 | D:5      | Reached skill level 8 in Axes
  3307 | D:6      | Noticed an orc warrior
  3318 | D:6      | Reached XP level 7. HP: 8/57 MP: 10/10
  3319 | D:6      | HP: 1/57 [orc warrior/arrow (8)]
  3321 | D:6      | Shot with an arrow by an orc warrior

Illustrated notes

Levels and vault maps discovered:
D:1:      lemuel_arrival_broad_hall, layout_loops_ring,
          shapermc_ecumenical_altar_notcrosses
D:2:      layout_basic, item_on_display_a
D:3:      layout_rooms
D:4:      layout_rooms, xom_teletrap_fun
D:5:      layout_loops_cross, yredelemnul_forgotten_temple_becter, serial_shops,
          shop
D:6:      layout_loops_corners, temple_green, minmay_misc_feat_tiny

Skill      XL: |  1  2  3  4  5  6 |
---------------+-------------------+-----
Axes           | 4 5 6 7 8 |  8.3
Invocations    | 1 2 3 4 |  4.8
Fighting       | |  3.3
Dodging        | |  2.2

Action                     |  1- 3 |  4- 6 |  7- 9 || total
---------------------------+-------+-------+-------++-------
  Melee: Hand axe          |   133 |   135 |       ||   268
 Invoke: Minor Destruction |       |     1 |       ||     1
         Major Destruction |       |     3 |       ||     3
    Use: Potion            |     1 |       |       ||     1
         Scroll            |       |     7 |       ||     7
 Armour: Robe              |    87 |       |       ||    87
         Ring mail         |       |    30 |       ||    30
         Scale mail        |       |    57 |     2 ||    59
  Dodge: Dodged            |    88 |    69 |     1 ||   158

Table legend: (Time is in decaauts)
 A = Elapsed time spent in this place.
 B = Non-inter-level travel time spent in this place.
 C = Inter-level travel time spent in this place.
 D = Time resting spent in this place.
 E = Time spent auto-exploring this place.
 F = Levels seen in this place.
 G = Mean time per level.
                   A        B        C        D        E       F      G
               +--------+--------+--------+--------+--------+-----+--------+
         Total |   3320 |   3179 |    141 |      0 |   2580 |   6 |  553.3 |
       Dungeon |   3320 |   3179 |    141 |      0 |   2580 |   6 |  553.3 |
               +--------+--------+--------+--------+--------+-----+--------+

Top non-repeatable levels by time:
     D:1: 813 daAuts
     D:2: 776 daAuts
     D:5: 677 daAuts
     D:3: 625 daAuts
     D:4: 410 daAuts
     D:6: 17 daAuts
